 Dungeon Crawl Stone Soup version 0.20.0 (webtiles) character file.

345 FakerFangirl the Cudgeler (level 6, -5/52 HPs)
             Began as a Draconian Fighter on May 26, 2017.
             Slain by a hobgoblin
             ... wielding a +0 club
             ... led by Robin
              (7 damage)
             ... on level 4 of the Dungeon.
             The game lasted 00:04:11 (3964 turns).

FakerFangirl the Cudgeler (Draconian Fighter)       Turns: 3964, Time: 00:04:11

Health: -5/52      AC:  8    Str: 18    XL:     6   Next: 32%
Magic:  6/6        EV: 10    Int:  9    God:
Gold:   166        SH:  9    Dex: 12    Spells: 5/5 levels left

rFire    . . .     SeeInvis .   Y - +0 morningstar
rCold    . . .     Gourm    .   b - +0 shield
rNeg     . . .     Faith    .   (armour unavailable)
rPois    .         Spirit   .   (helmet restricted)
rElec    .         Reflect  .   (no cloak)
rCorr    .         Harm     .   e - +1 pair of gloves
MR       .....                  (no boots)
Stlth    +.........             (no amulet)
Regen    0.2/turn               (no ring)
MPRegen  0.1/turn               (no ring)

@: lethally poisoned (-5 -> -42), about to teleport
A: unfitting armour, cold-blooded, AC +6
a: no special abilities


You were on level 4 of the Dungeon.
You were not hungry.

You visited 1 branch of the dungeon, and saw 4 of its levels.

You collected 166 gold pieces.


Innate Abilities, Weirdness & Mutations

Your plain brown scales are hard. (AC +6)
You cannot fit into any form of body armour.
You are cold-blooded and may be slowed by cold attacks.


   Skills:
 - Level 4.1 Fighting
 + Level 6.4 Maces & Flails
 - Level 2.6 Dodging
 - Level 3.0 Shields


You had 5 spell levels left.
You didn't know any spells.

Inventory:

Hand Weapons
 Y - a +0 morningstar (weapon)
Armour
 b - a +0 shield (worn)
 e - a +1 pair of gloves (worn)
Jewellery
 k - a cursed ring of loudness {unknown}
Scrolls
 a - a scroll of remove curse
 m - a scroll of identify
 n - a scroll of enchant armour {unknown}
 r - a scroll of recharging
Potions
 c - a potion of might
 f - a potion of flight {unknown}
 j - a potion of degeneration {unknown}
 l - a potion of mutation {unknown}
 q - a potion of haste {unknown}
Comestibles
 d - 3 bread rations
 g - a royal jelly
 h - a meat ration
 i - 3 chunks of flesh

Dungeon Overview and Level Annotations

Branches:
Dungeon (4/15)
 Temple: D:4-7

Altars:
Ashenzari
Nemelex Xobeh
Trog


Message History

You feel sick. You block the goblin's attack.
The goblin hits you but does no damage. You block the hobgoblin's attack.
The goblin hits you with a dagger of venom.
You are lethally poisoned!
You barely miss the hobgoblin.
You feel very sick. The goblin barely misses you.
The goblin hits you with a dagger of venom.
You are more poisoned.
The goblin hits you but does no damage. You block the hobgoblin's attack.
3963 ||| READING scroll of teleportation.
As you read the scroll of teleportation, it crumbles to dust.
You feel strangely unstable.
You feel very sick.
The goblin hits you but does no damage. x2; The hobgoblin closely misses you.
You barely miss the hobgoblin.
You feel very sick. The goblin barely misses you.
You block the goblin's attack. The hobgoblin hits you with a club!
You die...

...............
...............
.o.............
o.............!
#........o..........
#...................
#.........>.........
#....#######....#
+....#@gg..)....#
#....#ggg..#....+
#....#gg...#....#
#....#.....#.g.....
#...<'.....#...g...
#....#+#####.....g..
#....# #.....g..
#....# #+##.gg
#....#


You could see 3 hobgoblins and 4 goblins.

Vanquished Creatures
  The ghost of BDFisher the Poker, a weakling MiFi (D:3)
  Jessica (D:2)
  3 orc wizards (D:3)
  A hound skeleton (D:3)
  Robin (D:4)
  8 adders
  An ooze (D:1)
  3 worms
  A dart slug (D:2)
  5 leopard geckos
  3 orcs
  4 giant cockroaches
  9 goblins
  8 hobgoblins
  8 kobolds
  3 quokkas (D:2)
  2 ball pythons
  12 bats
  3 frilled lizards
  5 rats
82 creatures vanquished.

Notes
Turn   | Place    | Note
-------+----------+-------------------------------------------
     0 | D:1      | FakerFangirl the Draconian Fighter began the quest for the Orb.
     0 | D:1      | Reached XP level 1. HP: 19/19 MP: 1/1
     0 | D:1      | 0 ||| counter = 54
   107 | D:1      | You fall through a shaft!
   108 | D:2      | 108 ||| Shafted from D:1 to D:2.
   118 | D:2      | Reached XP level 2. HP: 11/26 MP: 2/2
   344 | D:2      | Noticed Jessica
   350 | D:2      | Killed Jessica
   350 | D:2      | Reached skill level 3 in Maces & Flails
   350 | D:2      | Reached XP level 3. HP: 29/31 MP: 3/3
   413 | D:1      | 413 ||| Successfully unshafted to D:1.
   569 | D:1      | Reached skill level 4 in Maces & Flails
   994 | D:1      | Reached XP level 4. HP: 35/38 MP: 4/4
  1324 | D:1      | 1324 ||| READING scroll labeled VEGGUAXKUQ.
  1325 | D:1      | 1325 ||| READING scroll labeled WEREASTR GAXA.
  1326 | D:1      | 1326 ||| READING scroll labeled CALUN WEDE.
  1327 | D:1      | 1327 ||| READING scroll labeled RUBBUG UCASHRO.
  1886 | D:2      | Reached skill level 5 in Maces & Flails
  2009 | D:2      | HP: 9/38 [poisoned by an adder]
  2255 | D:2      | Reached XP level 5. HP: 45/45 MP: 5/5
  2388 | D:2      | 2388 ||| UPGRADING to pair of glowing gloves.
  2393 | D:2      | 2393 ||| READING scroll labeled QEGAUT SICAT.
  2645 | D:3      | 2645 ||| SWAPPING to morningstar.
  2646 | D:3      | 2646 ||| DROPPING +0 flail.
  2661 | D:3      | Noticed BDFisher's ghost (weakling MiFi)
  2677 | D:3      | HP: 9/45 [BDFisher's ghost (9)]
  2683 | D:3      | Killed BDFisher's ghost
  3093 | D:3      | Reached skill level 6 in Maces & Flails
  3345 | D:3      | 3345 ||| Stepping ~*~*~tactically~*~*~ (outnumbered).
  3346 | D:3      | 3346 ||| Stepping ~*~*~tactically~*~*~ (outnumbered).
  3349 | D:3      | Reached XP level 6. HP: 48/52 MP: 6/6
  3387 | D:3      | HP: 13/52 [poisoned by a kobold]
  3704 | D:3      | Found a bloodstained altar of Trog.
  3708 | D:3      | Found a sparkling altar of Nemelex Xobeh.
  3709 | D:3      | Found a shattered altar of Ashenzari.
  3810 | D:3      | 3810 ||| READING 2 scrolls labeled BAH HEOTE TIUXKU.
  3817 | D:3      | 3817 ||| READING scroll labeled MOVICV VUXZOEB.
  3818 | D:3      | 3818 ||| DRINKING 2 grey potions.
  3862 | D:3      | 3862 ||| READING 2 scrolls of identify.
  3862 | D:3      | 3862 ||| IDENTIFYING glowing blue amulet
  3863 | D:3      | 3863 ||| DROPPING amulet of the gourmand.
  3864 | D:3      | 3864 ||| DROPPING potion of lignification.
  3941 | D:4      | Noticed Robin
  3950 | D:4      | 3950 ||| Stepping ~*~*~tactically~*~*~ (outnumbered).
  3960 | D:4      | Killed Robin
  3962 | D:4      | HP: 9/52 [goblin/dagger of venom[Robin] (5)]
  3963 | D:4      | 3963 ||| READING scroll of teleportation.
  3964 | D:4      | HP: 2/52 [poisoned by a goblin]
  3964 | D:4      | Slain by a hobgoblin

Vault maps used:
D:1:      evilmike_arrival_rings
D:2:      uniq_jessica
D:3:      minitemple, first_bread, kennysheep_generic_room_5
D:4:      dancing_weapons_uskayaw, serial_shops, nicolae_shop_behind_doors,
          shop, nicolae_shop_competitors_out_of_business, uniq_sigmund,
          uniq_grinder, uniq_robin

Skill      XL: |  1  2  3  4  5 |
---------------+----------------+-----
Maces & Flails | 3 4 5 6 |  6.4
Fighting       | 4 |  4.1
Dodging        | |  2.6
Shields        | |  3.0

Action                   |  1- 3 |  4- 6 || total
-------------------------+-------+-------++-------
Melee: Flail             |    65 |   152 ||   217
       Tailslap          |     1 |    24 ||    25
       Morningstar       |       |   130 ||   130
  Use: Scroll            |       |     9 ||     9
       Potion            |       |     1 ||     1
 Stab: Distracted        |       |     1 ||     1
  Eat: Chunk             |       |    10 ||    10
Armor: Skin              |    15 |    85 ||   100
Dodge: Dodged            |    29 |    93 ||   122
Block: Shield            |    36 |   140 ||   176
